 Dungeon Crawl Stone Soup version 0.29-a0-617-g7a6b98fccd (webtiles) character file.

Game seed: 10163536029362626915

104 emperorscorpion the Chopper (level 5, -3/47 HPs)
             Began as a Meteoran Berserker on June 17, 2022.
             Was a Believer of Trog.
             Slain by Pikel
             ... wielding a +1 whip of electrocution
              (6 damage)
             ... on level 4 of the Dungeon.
             The game lasted 00:08:03 (864 turns).

emperorscorpion the Chopper (Meteoran Berserker)     Turns: 864, Time: 00:08:05

Health: -3/47      AC: 14    Str: 21    XL:     5   Next: 30%
Magic:  6/6        EV:  5    Int:  8    God:    Trog [**....]
Gold:   109        SH:  8    Dex: 13    Spells: 4/4 levels left

rFire   . . .      SeeInvis .   a - +0 hand axe
rCold   . . .      Faith    .   p - +1 kite shield "Emeaz" {-Tele rPois rCorr}
rNeg    . . .      Spirit   .   h - +0 plate armour
rPois   +          Reflect  .   m - +2 hat
rElec   .          Harm     .   (no cloak)
rCorr   +          Rampage  .   i - +0 pair of gloves
Will    ++...      NoTele   +   (no boots)
Stlth   ..........              k - amulet of regeneration
HPRegen 1.95/turn               (no ring)
MPRegen 0.10/turn               (no ring)

@: strong-willed, on berserk cooldown, regenerating, slowed, glowing, very slow
A: sense surroundings 1, otherworldly, glowing, explore regen
a: Renounce Religion, Berserk, Trog's Hand


You were on level 4 of the Dungeon.
You worshipped Trog.
Trog was pleased with you.
You visited 1 branch of the dungeon, and saw 4 of its levels.

You collected 109 gold pieces.

Inventory:

Hand Weapons
 a - a +0 hand axe (weapon)
 l - a +0 trident
Armour
 b - a +0 animal skin
 h - a +0 plate armour (worn)
 i - a +0 pair of gloves (worn)
 j - a scarf of shadows
 m - a +2 hat (worn)
 p - the +1 kite shield "Emeaz" (worn) {-Tele rPois rCorr}
   (You acquired it on level 2 of the Dungeon)

   rPois:     It protects you from poison.
   -Tele:     It prevents most forms of teleportation.
   rCorr:     It protects you from acid and corrosion.
Jewellery
 k - an amulet of regeneration (around neck)
Scrolls
 n - a scroll of identify
 o - a scroll of amnesia
Potions
 c - a potion of invisibility
 d - a potion of attraction {unknown}
 e - a potion of might {unknown}
 f - a potion of degeneration {unknown}
 g - a potion of curing {unknown}


   Skills:
 + Level 4.5 Fighting
 + Level 5.0 Axes
 + Level 2.7 Armour
 + Level 2.9 Dodging


You had 4 spell levels left.
You didn't know any spells.
Your spell library contained the following spells:

 Spells                   Type           Power      Damage    Failure   Level
 Foxfire                  Conj/Fire      0%         2x1d4     100%        1
 Magic Dart               Conj           0%         1d3       100%        1
 Searing Ray              Conj           0%         2d4       100%        2
 Conjure Flame            Conj/Fire      0%         6-21      100%        3
 Inner Flame              Hex/Fire       0%         N/A       100%        3
 Flame Wave               Conj/Fire      0%         2d4       100%        4
 Fulminant Prism          Conj/Hex       0%         3d6       100%        4


Dungeon Overview and Level Annotations

Branches:
Dungeon (4/15) Zot: 1493
 Temple: D:4-7

Altars:

Annotations:
D:4 Pikel


Innate Abilities, Weirdness & Mutations

You passively map a small area around you.
You are easily found by Zot.
You glow in the dark.
You regain HP and MP as you explore.


Message History

The lemure attacks as you move away! The lemure hits you.
You aren't carrying any items that you can evoke.
You hit the lemure.
The lemure is severely wounded.
You block the lemure's attack.
You hit Pikel but do no damage.
Pikel is severely wounded.
Pikel says, "You'll feel the lick of my whip!"
Pikel hits you with a +1 whip of electrocution.
You block Pikel's attack.
You barely miss Pikel.
Pikel is severely wounded.
Pikel zaps a wand.
You suddenly lose the ability to move!
Pikel hits you with a +1 whip of electrocution.
You are electrocuted!
Pikel hits you but does no damage. Pikel barely misses you.
Pikel hits you with a +1 whip of electrocution.
You can move again.
Unknown command.
Unknown command.
Your skin crawls.
You feel strong-willed.
Pikel zaps a wand.
You resist with almost no effort.
The now-empty wand crumbles to dust.
Unknown command.
You hit Pikel but do no damage.
Pikel is severely wounded.
You block Pikel's attack. Pikel hits you but does no damage.
You hit Pikel.
Pikel is severely wounded.
Pikel hits you with a +1 whip of electrocution!
Pikel hits you with a +1 whip of electrocution.
You closely miss Pikel.
Pikel is severely wounded.
Pikel hits you with a +1 whip of electrocution.
You are electrocuted!!
* * * LOW HITPOINT WARNING * * *
Pikel hits you with a +1 whip of electrocution.
You die...

##* #.###
#..# * ##<#
*, #..## *
* ##...## *
* ##.##..##
,
###@####.)#
, *#5K##
##....#
#55##
#....# *
#..# ##...#
#..# ...# *
#..#* ....#
#[.# ,
#..... #..*
##... , ..
,


You could see Pikel and 3 lemures.

Vanquished Creatures
  A lemure (D:4)
  An orc wizard (D:2)
  2 adders (D:2)
  2 worms
  2 dart slugs (D:2)
  5 orcs
  6 ball pythons
  4 bats
  3 endoplasms
  A giant cockroach (D:2)
  5 hobgoblins
  A quokka (D:2)
  2 frilled lizards
  5 goblins
  6 kobolds
46 creatures vanquished.

Notes
Turn   | Place    | Note
-------+----------+-------------------------------------------
     0 | D:1      | emperorscorpion the Meteoran Berserker began the quest for
                  | the Orb.
     0 | D:1      | Reached XP level 1. HP: 19/19 MP: 2/2
   109 | D:1      | Reached XP level 2. HP: 25/26 MP: 3/3
   178 | D:1      | Reached skill level 4 in Axes
   210 | D:1      | Found a faded altar of an unknown god.
   281 | D:2      | Reached XP level 3. HP: 31/31 MP: 4/4
   397 | D:2      | You fall into a shaft and drop 1 floor!
   440 | D:3      | Reached XP level 4. HP: 34/40 MP: 5/5
   565 | D:2      | Reached ** piety under Trog
   642 | D:2      | Reached XP level 5. HP: 47/47 MP: 6/6
   649 | D:2      | Identified a scroll of acquirement
   649 | D:2      | Acquired the +1 kite shield "Emeaz" {-Tele rPois rCorr}
   758 | D:2      | Reached skill level 5 in Axes
   836 | D:4      | Noticed Pikel
   836 | D:4      | Noticed a lemure
   837 | D:4      | Noticed a lemure
   837 | D:4      | Noticed a lemure
   837 | D:4      | Noticed a lemure
   844 | D:4      | Paralysed by Pikel for 3 turns
   848 | D:4      | Killed a lemure
   857 | D:4      | Paralysed by Pikel for 4 turns
   864 | D:4      | Slain by Pikel

Illustrated notes

Levels and vault maps discovered:
D:1:      psy_arrival_statuary, layout_basic, ebering_ecumenical_altar_box,
          solitary_fountain
D:2:      layout_rooms, minmay_tetromino_i4
D:3:      layout_loops_ring, mainiacjoe_overflow_paths,
          mainiacjoe_overflow_cross_hatched, dreamdust_princess_bridge,
          kennysheep_orc_chapel
D:4:      cheibrodos_thug_alley, layout_layer_cave, minmay_temple_entry_glass,
          uniq_ijyb, uniq_pikel, uniq_robin

Skill      XL: |  1  2  3  4  5 |
---------------+----------------+-----
Axes           | 4 5 |  5.0
Fighting       | 4 |  4.5
Armour         | |  2.7
Dodging        | |  2.9

Action                   |  1- 3 |  4- 6 || total
-------------------------+-------+-------++-------
Melee: Hand axe          |    64 |    68 ||   132
       Punch             |       |     1 ||     1
Invok: Berserk           |     2 |     2 ||     4
       Trog's Hand       |       |     1 ||     1
  Use: Scroll            |       |     4 ||     4
       Potion            |       |     1 ||     1
Armor: Plate armour      |    30 |    44 ||    74
       Animal skin       |     1 |       ||     1
Dodge: Dodged            |    31 |    14 ||    45
Block: Kite shield       |       |     6 ||     6

Table legend: (Time is in decaauts)
 A = Elapsed time spent in this place.
 B = Non-inter-level travel time spent in this place.
 C = Inter-level travel time spent in this place.
 D = Time resting spent in this place.
 E = Time spent auto-exploring this place.
 F = Levels seen in this place.
 G = Mean time per level.
                   A        B        C        D        E       F      G
               +--------+--------+--------+--------+--------+-----+--------+
         Total |    904 |    824 |     80 |      0 |    299 |   4 |  226.0 |
       Dungeon |    904 |    824 |     80 |      0 |    299 |   4 |  226.0 |
               +--------+--------+--------+--------+--------+-----+--------+

Top non-repeatable levels by time:
     D:2: 443 daAuts
     D:1: 295 daAuts
     D:3: 123 daAuts
     D:4: 42 daAuts
